 Dungeon Crawl Stone Soup version 0.30-a0-862-g1aabd4f9c5 (webtiles) character file.

Game seed: 361964872332679157

11 qeuew the Trooper (level 2, 24/24 HPs)
             Began as a Demonspawn Chaos Knight on Mar 8, 2023.
             Was a Plaything of Xom.
             Quit the game on level 1 of the Dungeon.
             The game lasted 00:00:10 (188 turns).

qeuew the Trooper (Demonspawn Chaos Knight)          Turns: 188, Time: 00:00:10

Health: 24/24      AC:  5    Str: 12    XL:     2   Next: 17%
Magic:  2/2        EV: 11    Int: 13    God:    Xom [..*...]
Gold:   14         SH:  0    Dex: 12    Spells: 1/1 levels left

rFire   . . .      SeeInvis .    a - +0 falchion (chaos)
rCold   . . .      Faith    .    (no shield)
rNeg    . . .      Spirit   .    b - +2 leather armour
rPois   .          Reflect  .    (no helmet)
rElec   .          Rampage  .    (no cloak)
rCorr   .                        (no gloves)
Will    .....                    (no boots)
Stlth   +                        (no amulet)
HPRegen 0.24/turn                (no ring)
MPRegen 0.16/turn                (no ring)

@: no status effects
A: magic regeneration
a: Renounce Religion


You were on level 1 of the Dungeon.
You worshipped Xom.
You were a toy of Xom.
You visited 1 branch of the dungeon, and saw 1 of its levels.

You collected 14 gold pieces.

Inventory:

Hand Weapons
 a - a +0 falchion of chaos (weapon)
Armour
 b - a +2 leather armour (worn)
Scrolls
 d - a scroll of teleportation {unknown}
Miscellaneous
 c - a piece from Xom's chessboard (15/15) (quivered)


   Skills:
 + Level 3.1 Fighting
 + Level 2.8 Long Blades
 + Level 2.0 Armour
 + Level 1.2 Dodging


You had one spell level left.
You didn't know any spells.
Your spell library was empty.

Dungeon Overview and Level Annotations

Branches:
Dungeon (1/15)

Altars:


Innate Abilities, Weirdness & Mutations

You regenerate magic rapidly.


Message History

The dart slug bites you but does no damage.
You hit the dart slug.
The dart slug is almost dead.
The rat misses you.
You hit the dart slug but do no damage.
The dart slug is almost dead.
The rat bites you. The dart slug closely misses you. The rat barely misses you.
You hit the dart slug. You freeze the dart slug.
You kill the dart slug!
The rat bites you.
Your Armour skill increases to level 2!
You have reached level 2!
Your demonic ancestry asserts itself...
Your magic begins to regenerate rapidly.
Xom is amused.
You barely miss the rat. The rat bites you but does no damage.
You slash the rat!
You kill the rat!
No target in view!
No target in view!
No target in view!
HP restored.
There is an open door here.
You open the large door.
There is a large open door here.
There is a large open door here.
A goblin comes into view. It is wielding a +0 club.
The goblin shouts!
A goblin is nearby!
A goblin is nearby!
You closely miss the goblin. The goblin barely misses you.
You hit the goblin. You burn the goblin.
The goblin is severely wounded.
The goblin hits you but does no damage. The goblin closely misses you.
You slash the goblin!
You kill the goblin!
No target in view!
No target in view!
No target in view!
Are you sure you want to abandon this character and quit the game? (Confirm with "yes".)

#....# #....# #....#
#....######
#....##...########
#....##...#.......
###....''...'††.....
###......##...#.†.....
#....@#####...#.......
#.#.#)# #...########
.. #.# #........... #+
#.#####...........
..................
..########....†... ..#
#........ ...#
#####.... #....


There were no monsters in sight!

Vanquished Creatures
  A dart slug (D:1)
  2 endoplasms (D:1)
  A goblin (D:1)
  2 hobgoblins (D:1)
  3 rats (D:1)
9 creatures vanquished.

Notes
Turn   | Place    | Note
-------+----------+-------------------------------------------
     0 | D:1      | qeuew the Demonspawn Chaos Knight began the quest for the
                  | Orb.
     0 | D:1      | Reached XP level 1. HP: 18/18 MP: 1/1
     6 | D:1      | Noticed an anaconda
     6 | D:1      | Noticed a polar bear
     6 | D:1      | Noticed an eight-headed hydra
     7 | D:1      | Noticed a lindwurm
     7 | D:1      | Noticed a wolf
    84 | D:1      | Reached skill level 1 in Dodging
   148 | D:1      | Gained mutation: You regenerate magic rapidly. [demonic
                  | ancestry]
   148 | D:1      | Reached XP level 2. HP: 18/24 MP: 2/2
   188 | D:1      | Quit the game

Illustrated notes

Levels and vault maps discovered:
D:1:      onia_arrival_zoo_common, layout_basic, dreamdust_wishing_well,
          minmay_pentomino_u4

Skill      XL: |  1 |
---------------+----+-----
Dodging        | 1 |  1.2
Armour         | 2 |  2.0
Fighting       | |  3.1
Long Blades    | |  2.8

Action                     || total
---------------------------++-------
  Melee: Falchion          ||    19
 Armour: Leather armour    ||     7
  Dodge: Dodged            ||    11

Table legend: (Time is in decaauts)
 A = Elapsed time spent in this place.
 B = Non-inter-level travel time spent in this place.
 C = Inter-level travel time spent in this place.
 D = Time resting spent in this place.
 E = Time spent auto-exploring this place.
 F = Levels seen in this place.
 G = Mean time per level.
                   A        B        C        D        E       F      G
               +--------+--------+--------+--------+--------+-----+--------+
         Total |    191 |    191 |      0 |      0 |    153 |   1 |  191.0 |
       Dungeon |    191 |    191 |      0 |      0 |    153 |   1 |  191.0 |
               +--------+--------+--------+--------+--------+-----+--------+

Top non-repeatable levels by time:
     D:1: 191 daAuts
